 Dungeon Crawl Stone Soup version 0.19-a0-1127-gac58878 (webtiles) character file.

4 magipi the Slasher (level 1, -2/21 HPs)
             Began as a Tengu Berserker on Aug 12, 2016.
             Was a Follower of Trog.
             Slain by a giant gecko (3 damage)
             ... on level 1 of the Dungeon.
             The game lasted 00:00:27 (69 turns).

magipi the Slasher (Tengu Berserker)                  Turns: 69, Time: 00:00:28

Health: -2/21      AC:  2    Str: 22    XL:     1   Next: 60%
Magic:  2/2        EV: 12    Int:  7    God:    Trog [*.....]
Gold:   8          SH:  0    Dex: 13    Spells: 0 memorised, 0 levels left

rFire  . . .     SeeInvis .     a - +0 falchion
rCold  . . .     Gourm    .     b - +0 animal skin
rNeg   . . .     Faith    .     (no shield)
rPois  .         Spirit   .     (helmet restricted)
rElec  .         Dismiss  .     (no cloak)
rCorr  .         Reflect  .     (no gloves)
SustAt .         Harm     .     (boots unavailable)
MR     .....                    (no amulet)
Stlth  ..........               (no ring)
                                (no ring)

@: berserking, very quick
A: beak, talons 3
a: Berserk, Burn Spellbooks, Renounce Religion


You were on level 1 of the Dungeon.
You worshipped Trog.
Trog was aware of your devotion.
You were not hungry.

You visited 1 branch of the dungeon, and saw 1 of its levels.

You collected 8 gold pieces.

Notes
Turn   | Place    | Note
-------+----------+-------------------------------------------
     0 | D:1      | magipi the Tengu Berserker began the quest for the Orb.
     0 | D:1      | Reached XP level 1. HP: 14/14 MP: 2/2
    69 | D:1      | Slain by a giant gecko

Inventory:

Hand Weapons
 a - a +0 falchion (weapon)
Armour
 b - a +0 animal skin (worn)
Scrolls
 d - a scroll of enchant weapon {unknown}
Comestibles
 c - a bread ration


   Skills:
 - Level 3.0 Fighting
 + Level 3.6 Long Blades
 - Level 2.1 Armour
 - Level 2.1 Dodging


You couldn't memorise any spells.
You didn't know any spells.

Dungeon Overview and Level Annotations

Branches:
Dungeon (1/15)

Altars:


Innate Abilities, Weirdness & Mutations

You have a beak for a mouth.
You have claws for feet.

Vault maps used:
D:1:      erik_arrival_orb_chamber


Message History

Welcome, magipi the Tengu Berserker.
Will you be the one to retrieve the fabulous Orb of Zot from the depths?
Trog says: Kill them all!
Press ? for a list of commands and other information.
Found a scroll labeled WOBUHI ZIAH.
Found a staircase leading out of the dungeon. 2 rats come into view.
d - a scroll labeled WOBUHI ZIAH Unknown command.
A rat comes into view.
A rat comes into view.
You closely miss the rat. Your kick misses the rat. Your peck misses the rat.
The rat barely misses you.
You riposte.
You slash the rat!
You kill the rat!
Trog accepts your kill.
Unknown command.
You slash the rat!
You kill the rat!
Trog accepts your kill.
Unknown command.
A goblin comes into view. It is wielding a dagger.
The goblin shouts!
The rat misses you. The rat closely misses you.
You riposte.
You hit the rat.
You kill the rat!
Trog accepts your kill.
You barely miss the rat. You claw the rat, but do no damage.
The rat closely misses you.
You hit the rat.
You kill the rat!
Trog accepts your kill.
You see here a rat corpse.
The goblin completely misses you.
You closely miss the goblin. Your kick misses the goblin.
Your peck misses the goblin. The goblin misses you.
You riposte.
You miss the goblin. You closely miss the goblin. Your kick misses the goblin.
The goblin barely misses you.
You riposte.
You barely miss the goblin. Your peck misses the goblin. You miss the goblin.
Your kick misses the goblin. The goblin barely misses you.
You hit the goblin.
The goblin is moderately wounded.
The goblin barely misses you. The goblin hits you with a dagger.
You barely miss the goblin. Your peck misses the goblin.
The goblin is moderately wounded.
The goblin hits you but does no damage.
You hit the goblin but do no damage. Your kick misses the goblin.
The goblin is moderately wounded.
The goblin barely misses you.
You closely miss the goblin. You claw the goblin.
The goblin is severely wounded.
The goblin hits you but does no damage.
You hit the goblin.
You kill the goblin!
Trog accepts your kill.
Things that are here:
a dagger; a goblin corpse You see here a rat corpse.
You now have 8 gold pieces.
Found a short sword.
Unknown command.
A giant gecko comes into view.
The giant gecko hisses angrily.
The giant gecko moves out of view.
Found a leather armour.
The giant gecko bites you.
You closely miss the giant gecko. You claw the giant gecko.
The giant gecko is moderately wounded.
The giant gecko barely misses you.
You closely miss the giant gecko. You claw the giant gecko.
The giant gecko is heavily wounded.
The giant gecko barely misses you.
You barely miss the giant gecko. Your peck misses the giant gecko.
The giant gecko is heavily wounded.
The giant gecko bites you. x2
You hit the giant gecko but do no damage.
The giant gecko is heavily wounded.
The giant gecko closely misses you.
You hit the giant gecko.
You claw the giant gecko, but do no damage.
The giant gecko is severely wounded.
The giant gecko bites you.
* * * LOW HITPOINT WARNING * * *
The giant gecko bites you.
* * * LOW HITPOINT WARNING * * *
Unknown command.
A red film seems to cover your vision as you go berserk!
You feel yourself moving faster!
You feel mighty!
You feel somewhat more hungry. The giant gecko closely misses you.
Unknown command.
You barely miss the giant gecko. Your kick misses the giant gecko.
Your peck misses the giant gecko.
The giant gecko is severely wounded.
The giant gecko bites you.
You die...

##############
#######............##
....................#
######.##########..#
#@# #..# #l# # #..#
#.####...# #..#
#........# #..#
#......###...###..###
#.#....) ..........##
#...... ............
...###############...
#..[ ... #...


You could see a giant gecko.

Vanquished Creatures
  A goblin (D:1)
  4 rats (D:1)
5 creatures vanquished.

Action                   || total
-------------------------++-------
Melee: Falchion          ||    22
       Kick              ||     5
Invok: Berserk           ||     1
Dodge: Dodged            ||    14

Action                   || total
-------------------------++-------
Melee: Falchion          ||    22
       Kick              ||     5
Invok: Berserk           ||     1
Dodge: Dodged            ||    14
